 Dungeon Crawl Stone Soup version 0.30-a0-393-g54b8e3be05 (webtiles) character file.

Game seed: 9052178760691869052

1762 rocky1 the Basher (level 8, -3/64 HPs)
             Began as a Minotaur Fighter on Dec 6, 2022.
             Was a Believer of Okawaru.
             Slain by a wight
             ... wielding a +0 halberd
              (12 damage)
             ... on level 6 of the Dungeon.
             The game lasted 00:11:19 (4625 turns).

rocky1 the Basher (Minotaur Fighter)                Turns: 4625, Time: 00:11:20

Health: -3/64      AC:  8    Str: 23    XL:     8   Next: 79%
Magic:  7/7        EV: 11    Int:  5    God:    Okawaru [**....]
Gold:   296        SH:  5    Dex: 10    Spells: 7/7 levels left

rFire   . . .      SeeInvis .    a - +0 flail
rCold   . . .      Faith    .    c - +0 buckler
rNeg    . . .      Spirit   .    z - +0 acid dragon scales
rPois   .          Reflect  .    (helmet restricted)
rElec   .          Harm     .    (no cloak)
rCorr   +          Rampage  .    o - +0 pair of gloves
Will    .....                    (no boots)
Stlth   +.........               (no amulet)
HPRegen 0.30/turn                (no ring)
MPRegen 0.10/turn                (no ring)

@: no status effects
A: horns 2, retaliatory headbutt
a: Renounce Religion, Heroism


You were on level 6 of the Dungeon.
You worshipped Okawaru.
Okawaru was pleased with you.
You visited 2 branches of the dungeon, and saw 7 of its levels.
You also visited: Sewer.

You collected 296 gold pieces.

Inventory:

Hand Weapons
 a - a +0 flail (weapon)
Missiles
 f - a boomerang of dispersal (quivered)
Armour
 b - a +0 scale mail
 c - a +0 buckler (worn)
 o - a +0 pair of gloves (worn)
 t - a +0 troll leather armour {Pargi}
 x - the +1 cloak of Relativism {Fly rPois rC- rN+++}
   (You found it on level 5 of the Dungeon)

   rC:        It makes you vulnerable to cold.
   rPois:     It protects you from poison.
   rN:        It renders you almost immune to negative energy.
   Fly:       It grants you flight.
 z - +0 acid dragon scales (worn)
 A - a +0 kite shield
Jewellery
 q - a ring of wizardry
Scrolls
 g - 6 scrolls of identify {unknown}
 j - a scroll of summoning {unknown}
 k - 2 scrolls of magic mapping {unknown}
 l - a scroll of blinking {unknown}
 r - a scroll of immolation {unknown}
 s - 3 scrolls of teleportation {unknown}
 v - a scroll of silence {unknown}
 w - a scroll of butterflies {unknown}
 y - a scroll of brand weapon {unknown}
Potions
 d - a potion of might
 e - a potion of resistance {unknown}
 h - a potion of mutation {unknown}
 i - a potion of curing {unknown}
 m - a potion of invisibility {unknown}
 n - a potion of lignification {unknown}
 p - 3 potions of magic {unknown}
 u - a potion of flight {unknown}
 B - a potion of brilliance {unknown}


   Skills:
 - Level 3.6 Fighting
 * Level 11.8 Maces & Flails
 - Level 3.6 Armour
 - Level 1.1 Dodging
 + Level 7.7 Shields


You had 7 spell levels left.
You didn't know any spells.
Your spell library contained the following spells:

 Spells                   Type           Power      Damage    Failure   Level
 Ensorcelled Hibernation  Hex/Ice        0%         N/A       77%         2
 Passwall                 Tmut/Erth      0%         N/A       77%         2
 Ignite Poison            Fire/Tmut/Pois 0%         N/A       94%         3
 Swiftness                Air            0%         N/A       94%         3
 Sticky Flame             Conj/Fire      0%         2d3       100%        4
 Conjure Ball Lightning   Conj/Air       0%         3x3d6     100%        6
 Discord                  Hex            0%         N/A       100%        8
 Disjunction              Tloc           0%         N/A       100%        8
 Ignition                 Fire           0%         3d3       100%        8


Dungeon Overview and Level Annotations

Branches:
Dungeon (6/15)             Temple (1/1) D:4           Sewer (visited)

Altars:
Elyvilon
Fedhas
Kikubaaqudgha
Makhleb
Nemelex Xobeh
Okawaru
Qazlal
Ru
Sif Muna
Vehumet
Wu Jian
Yredelemnul

Annotations:
D:4 3 runed translucent doors, Shayle's ghost, amateur DsRe


Innate Abilities, Weirdness & Mutations

You have a pair of horns on your head.
You reflexively headbutt those who attack you in melee.


Message History

You throw a boomerang of dispersal.
The boomerang of dispersal hits the two-headed ogre but does no damage.
You hit the two-headed ogre. You headbutt the two-headed ogre!
The two-headed ogre is moderately wounded.
The two-headed ogre hits you with a +1 great mace of holy wrath!
The two-headed ogre hits you with a +0 giant club!
You hit the two-headed ogre.
The two-headed ogre is moderately wounded.
You hit the two-headed ogre.
The two-headed ogre is heavily wounded.
The two-headed ogre barely misses you. You furiously retaliate!
You headbutt the two-headed ogre!
The two-headed ogre hits you with a +0 giant club!
You hit the two-headed ogre.
The two-headed ogre is severely wounded.
The wight hits you from afar with a +0 halberd!
* * * LOW HITPOINT WARNING * * *
You feel drained. You block the two-headed ogre's attack.
The two-headed ogre hits you with a +0 giant club.
* * * LOW HITPOINT WARNING * * *
You thump the two-headed ogre!
The two-headed ogre is almost dead.
You barely miss the two-headed ogre.
The two-headed ogre is almost dead.
You block the wight's attack.
The two-headed ogre hits you with a +1 great mace of holy wrath.
* * * LOW HITPOINT WARNING * * *
The two-headed ogre barely misses you.
Unknown command.
You thump the two-headed ogre!
You kill the two-headed ogre!
Okawaru is honoured by your kill. The wight closely misses you.
Your life force feels restored.
Your Maces & Flails skill increases to level 11!
Your Shields skill increases to level 7!
You barely miss the ogre. You headbutt the ogre!
The ogre is moderately wounded.
The wight hits you from afar with a +0 halberd!
You die...

#####.#......... ### ####
#......#.#.#.... ..###..##
#............# #.#
#..#..#.## ##.......#.#.##
#.# .#..#..#_#
#...........## #.#
..#..#..## #..........###
#.#
...#...#####.....z.O..z.#
#.#
########....[###O######.##
#.# #.######..##@#
#.)###.# #.# ##....##.#
##.))#.###
#####.###..##....#
###)z.รท.#
........>.#####..###
###.#.# ##.......## #....#
#)#.# #......## ##.##.#
#...# #......# #..##.#
##z.# #......# #.###.#
#..# #......# #.# #.# #..#


You could see an ogre and a wight.

Vanquished Creatures
  A two-headed ogre (D:6)
  Maggie (D:6)
  A steam dragon (D:4)
  Pargi (Sewer)
  An ice beast (D:5)
  A centaur (D:5)
  A gnoll sergeant (D:6)
  2 howler monkeys
  A hound (D:6)
  2 jellies
  Jessica (D:3)
  2 iguanas
  4 adders
  10 gnolls
  A river rat (D:4)
  A worm (D:4)
  4 orcs (D:5)
  9 bats
  7 endoplasms
  3 giant cockroaches
  8 goblins
  6 hobgoblins
  8 jackals
  6 quokkas
  4 ball pythons
  2 frilled lizards
  5 kobolds
  4 rats
97 creatures vanquished.

Notes
Turn   | Place    | Note
-------+----------+-------------------------------------------
     0 | D:1      | rocky1 the Minotaur Fighter began the quest for the Orb.
     0 | D:1      | Reached XP level 1. HP: 19/19 MP: 0/0
   199 | D:1      | Reached XP level 2. HP: 26/26 MP: 1/1
   217 | D:1      | Reached skill level 3 in Maces & Flails
   680 | D:2      | Reached XP level 3. HP: 31/31 MP: 2/2
   931 | D:2      | Reached skill level 4 in Maces & Flails
  1434 | D:3      | Reached XP level 4. HP: 39/39 MP: 3/3
  1446 | D:3      | Reached skill level 5 in Maces & Flails
  1566 | D:3      | Found a faded altar of an unknown god.
  1631 | D:3      | Noticed Jessica
  1636 | D:3      | Found an ornate altar of the Wu Jian Council.
  1637 | D:3      | Killed Jessica
  1643 | D:3      | Noticed a spectral centipede
  1643 | D:3      | Noticed a spectral black mamba
  1643 | D:3      | Noticed a spectral cane toad
  1715 | D:3      | Found a blossoming altar of Fedhas.
  2201 | D:4      | Found a staircase to the Ecumenical Temple.
  2348 | D:4      | Reached skill level 6 in Maces & Flails
  2348 | D:4      | Reached XP level 5. HP: 40/45 MP: 4/4
  2461 | D:4      | Found a glowing drain.
  2466 | Sewer    | Entered a sewer
  2553 | Sewer    | Noticed Pargi
  2563 | Sewer    | Killed Pargi
  2564 | Sewer    | Reached skill level 7 in Maces & Flails
  2564 | Sewer    | Reached XP level 6. HP: 51/51 MP: 5/5
  2762 | Temple   | Entered the Ecumenical Temple
  2824 | Temple   | Became a worshipper of Warmaster Okawaru
  2961 | D:4      | Noticed a steam dragon
  2966 | D:4      | Killed a steam dragon
  2967 | D:4      | Reached skill level 8 in Maces & Flails
  2967 | D:4      | Reached skill level 1 in Dodging
  3386 | D:4      | Found a runed translucent gate.
  3386 | D:4      | Identified the +1 leather armour "Sotuhuse" {rN+ Str+2
                  | Slay-3}
  3386 | D:4      | Noticed Shayle's ghost (amateur DsRe)
  3387 | D:4      | Identified the +5 chain mail of Purpose {rC+}
  3387 | D:4      | Noticed an orc warrior
  3387 | D:4      | Found a runed translucent gate.
  3388 | D:4      | Found a runed translucent gate.
  3573 | D:4      | Found a sacrificial altar of Ru.
  3782 | D:4      | Identified the +1 ring mail "Ecank" {Regen+}
  3894 | D:5      | Entered Level 5 of the Dungeon
  3897 | D:5      | Reached skill level 5 in Shields
  3897 | D:5      | Reached XP level 7. HP: 57/57 MP: 6/6
  3907 | D:5      | Identified the +1 cloak of Relativism {Fly rPois rC- rN+++}
  4024 | D:5      | Reached skill level 9 in Maces & Flails
  4113 | D:5      | Reached * piety under Okawaru
  4227 | D:6      | Found an ancient bone altar of Kikubaaqudgha.
  4227 | D:6      | Noticed Maggie
  4249 | D:6      | Killed Maggie
  4250 | D:6      | Reached skill level 10 in Maces & Flails
  4250 | D:6      | Reached XP level 8. HP: 51/64 MP: 7/7
  4461 | D:6      | Found a white marble altar of Elyvilon.
  4553 | D:6      | Found a shimmering blue altar of Sif Muna.
  4594 | D:6      | Noticed a two-headed ogre
  4624 | D:6      | Killed a two-headed ogre
  4624 | D:6      | Reached ** piety under Okawaru
  4625 | D:6      | Reached skill level 11 in Maces & Flails
  4625 | D:6      | Slain by a wight

Illustrated notes

Levels and vault maps discovered:
D:1:      wander_arrival_lonely_grave, layout_basic, dk_noncrumbling_3
D:2:      layout_loops_ring
D:3:      wad_pebble_path, layout_loops_ring, pdpol_wu_jian_five_deadly_venoms,
          mainiacjoe_overflow_alcove_1, ebering_ecumenical_altar_ruins,
          kennysheep_minor_cross, uniq_jessica
D:4:      wad_crossroads, layout_basic, kennysheep_mini,
          minmay_temple_entry_mist, biasface_ghost_orc_armoury,
          gup_sewer_entry_bowl, hangedman_abyss_or_decor_slice
D:5:      minmay_polygon_palace, layout_basic, zin_statuary,
          nicolae_ashenzari_panopticon
D:6:      layout_rooms, marbit_many_paths, mainiacjoe_overflow_catwalk,
          mainiacjoe_overflow_cross_hatched, hex_tiny, grunt_ministairs_11,
          uniq_duvessa, uniq_maggie
Temple:   nicolae_temple_two_arcs

Skill      XL: |  1  2  3  4  5  6  7  8 |
---------------+-------------------------+-----
Shields        | 4 5 6 7 |  7.7
Maces & Flails | 3 4 6 7 8 10 11 | 11.8
Dodging        | 1 |  1.1
Fighting       | |  3.6
Armour         | |  3.6

Action                   |  1- 3 |  4- 6 |  7- 9 || total
-------------------------+-------+-------+-------++-------
Melee: Flail             |    82 |    89 |    62 ||   233
       Headbutt          |    12 |    18 |    12 ||    42
Throw: Boomerang         |       |       |     1 ||     1
  Use: Potion            |       |     1 |     1 ||     2
Armor: Scale mail        |    36 |    32 |    19 ||    87
       Acid dragon scale |       |       |     2 ||     2
Dodge: Dodged            |    56 |    29 |    25 ||   110
Block: Buckler           |    20 |    19 |     9 ||    48

Table legend: (Time is in decaauts)
 A = Elapsed time spent in this place.
 B = Non-inter-level travel time spent in this place.
 C = Inter-level travel time spent in this place.
 D = Time resting spent in this place.
 E = Time spent auto-exploring this place.
 F = Levels seen in this place.
 G = Mean time per level.
                   A        B        C        D        E       F      G
               +--------+--------+--------+--------+--------+-----+--------+
         Total |   4674 |   4475 |    199 |    545 |   2903 |   8 |  584.2 |
       Dungeon |   4387 |   4195 |    192 |    456 |   2817 |   6 |  731.2 |
        Temple |    106 |     99 |      7 |      0 |     86 |   1 |  106.0 |
         Sewer |    180 |    180 |      0 |     89 |      0 |   1 |  180.0 |
               +--------+--------+--------+--------+--------+-----+--------+

Top non-repeatable levels by time:
     D:4: 1432 daAuts
     D:3: 938 daAuts
     D:2: 667 daAuts
     D:1: 618 daAuts
     D:6: 397 daAuts
     D:5: 332 daAuts
   Sewer: 180 daAuts
  Temple: 106 daAuts
